 Dungeon Crawl Stone Soup version 0.29-a0-506-ga2e7fffb44 (webtiles) character file.

Game seed: 8153195330056557663

423 Pelinal the Cleaver (level 6, -3/51 HPs)
             Began as a Hill Orc Monk on May 28, 2022.
             Slain by a yak (11 damage)
             ... on level 6 of the Dungeon.
             The game lasted 00:09:27 (4195 turns).

Pelinal the Cleaver (Hill Orc Monk)                 Turns: 4195, Time: 00:09:28

Health: -3/51      AC:  5    Str: 16    XL:     6   Next: 95%
Magic:  6/6        EV: 15    Int: 10    God:
Gold:   186        SH:  0    Dex: 13    Spells: 5/5 levels left

rFire   . . .      SeeInvis +   a - +0 hand axe
rCold   . . .      Faith    .   (no shield)
rNeg    . . .      Spirit   .   e - +0 ring mail
rPois   .          Reflect  .   (no helmet)
rElec   .          Harm     .   (no cloak)
rCorr   .          Rampage  .   (no gloves)
Will    .....                   (no boots)
Stlth   +.........              (no amulet)
HPRegen 0.17/turn               g - ring of see invisible
MPRegen 0.10/turn               m - +4 ring of evasion

@: brilliant
A: no striking features
a: no special abilities


You were on level 6 of the Dungeon.
You visited 1 branch of the dungeon, and saw 5 of its levels.

You collected 186 gold pieces.

Inventory:

Hand Weapons
 a - a +0 hand axe (weapon)
 b - a +0 hunting sling
Missiles
 t - 8 poisoned darts (quivered)
Armour
 e - a +0 ring mail (worn)
Jewellery
 g - a ring of see invisible (left hand)
 l - the ring "Cuyguol" {Wiz Int+4}
   (You found it on level 2 of the Dungeon)

   [ring of wizardry]

   It improves your spell success rate.
   Int:       It affects your intelligence (+4).
 m - a +4 ring of evasion (right hand)
 r - a ring of magical power
Scrolls
 i - a scroll of magic mapping
 j - a scroll of vulnerability {unknown}
 k - a scroll of acquirement {unknown}
 n - a scroll of enchant weapon {unknown}
 o - a scroll of identify {unknown}
 s - a scroll of fear
 u - a scroll of enchant armour {unknown}
 v - a scroll of silence {unknown}
 w - a scroll of fog {unknown}
Potions
 c - 2 potions of ambrosia
 d - 2 potions of curing
 f - a potion of cancellation {unknown}
 h - 2 potions of brilliance
 p - a potion of flight {unknown}
 q - a potion of degeneration {unknown}


   Skills:
 - Level 3.6 Fighting
 * Level 9.6 Axes
 + Level 1.2 Armour
 + Level 2.6 Dodging
 - Level 1.5 Stealth


You had 5 spell levels left.
You didn't know any spells.
Your spell library contained the following spells:

 Spells                   Type           Power      Damage    Failure   Level
 Fireball                 Conj/Fire      0%         3d3       100%        5
 Starburst                Conj/Fire      0%         6d3       100%        6
 Ignition                 Fire           0%         3d3       100%        8


Dungeon Overview and Level Annotations

Branches:
Dungeon (4/15)
 Temple: D:4-7

Altars:
Okawaru

Shops:
D:2 :

Annotations:
D:3 2 transporters, Taurus's ghost, amateur OpCj


Message History

The kobold brigand completely misses you.
The yak barely misses you.
A bullfrog comes into view.
You closely miss the kobold brigand.
The kobold brigand is moderately wounded.
You completely miss the yak.
You feel sick.
The bullfrog croaks.
The kobold brigand misses you. The yak gores you!
* * * LOW HITPOINT WARNING * * *
You hit the kobold brigand.
The kobold brigand is moderately wounded.
You hit the yak but do no damage.
You feel sick.
The kobold brigand hits you with a +0 short sword.
* * * LOW HITPOINT WARNING * * *
The yak closely misses you.
Unknown command.
Okay, then.
As you read the scroll labelled TANADOS NUMA, it crumbles to dust.
You feel aware of your surroundings.
It was a scroll of magic mapping.
You feel sick.
The kobold brigand hits you with a +0 short sword!
* * * LOW HITPOINT WARNING * * *
The yak completely misses you.
Okay, then.
You feel better.
The kobold brigand hits you but does no damage.
The yak closely misses you.
Unknown command.
As you read the scroll labelled ZARCHARCHIWYR, it crumbles to dust.
You assume a fearsome visage.
The yak looks frightened! x4
The kobold brigand looks frightened!
The kobold looks frightened! x5
The adder looks frightened!
The bullfrog looks frightened!
It was a scroll of fear.
The kobold starts to cry.
Cornered, the kobold brigand turns to fight!
Cornered, the yak turns to fight!
The kobold brigand hits you with a +0 short sword.
* * * LOW HITPOINT WARNING * * *
The yak gores you!
You die...

*,,,,,,,,,*,********,**********,
*,,,......#<..,,,,,,,,,,,,,,,,,,
*,,,.........#******,,,,*,,,,,,,
*,,,,...S....# ****,*,****,,
*,,,,,.......# *****,*,*,,*,,
***###**#.....# *,,,*,*,,,<*,,
,,,....##.....# *,,,#,******,,
,,,..........#######.KK#,,,,,,,,,
,,,......Y.YY..Y@K.K...K,,,,,,,,,
,,,..........#######...#,,,,,,,,,
,,,o.........# *,,,#*,******,
,,,..........# *,,,**,*<,,,,,
,,,..........# *,,,,,,,******
***###.......# *,,,,,,,,,,,*
#.......# **,,,,,,***,* #########
*,,,,,,* *,* *,,,,,,* *,**


You could see 4 yaks, a kobold brigand and 4 kobolds.

Vanquished Creatures
  A black bear (D:2)
  A necrophage (D:4)
  An orc priest (D:3)
  Natasha (thrice) (D:2)
  2 orc wizards (D:4)
  6 adders
  6 orcs
  4 ball pythons
  6 endoplasms
  3 giant cockroaches
  12 goblins
  6 hobgoblins
  5 kobolds
  3 quokkas
  5 bats
  A frilled lizard (D:2)
  4 rats
69 creatures vanquished.

Notes
Turn   | Place    | Note
-------+----------+-------------------------------------------
     0 | D:1      | Pelinal the Hill Orc Monk began the quest for the Orb.
     0 | D:1      | Reached XP level 1. HP: 19/19 MP: 1/1
   710 | D:1      | Reached XP level 2. HP: 26/26 MP: 2/2
   845 | D:1      | Reached skill level 5 in Axes
  1448 | D:1      | Found a faded altar of an unknown god.
  1574 | D:1      | Reached XP level 3. HP: 31/31 MP: 3/3
  1647 | D:2      | Noticed a black bear
  1678 | D:2      | Found Guetewerch's Book Emporium.
  1717 | D:2      | Identified the ring "Cuyguol" {Wiz Int+4}
  1779 | D:2      | Reached skill level 6 in Axes
  1868 | D:2      | Reached XP level 4. HP: 32/39 MP: 4/4
  2212 | D:2      | Killed a black bear
  2213 | D:2      | Reached skill level 7 in Axes
  2213 | D:2      | Reached XP level 5. HP: 5/45 MP: 5/5
  2703 | D:2      | Noticed Natasha
  2724 | D:2      | Killed Natasha
  2725 | D:2      | Reached skill level 8 in Axes
  2864 | D:2      | Noticed Natasha
  2885 | D:2      | Killed Natasha
  2898 | D:2      | Noticed Natasha
  2905 | D:2      | Killed Natasha
  2906 | D:2      | Reached XP level 6. HP: 51/51 MP: 6/6
  3272 | D:3      | Reached skill level 9 in Axes
  3315 | D:3      | Found a transporter.
  3315 | D:3      | Noticed Taurus's ghost (amateur OpCj)
  3316 | D:3      | Identified the +6 giant spiked club "Poehoiwi" {vamp, MP+9
                  | Int+4}
  3372 | D:3      | Found a transporter.
  3983 | D:4      | Reached skill level 1 in Armour
  4139 | D:4      | You fall into a shaft and drop 2 floors!
  4146 | D:6      | Found an iron altar of Okawaru.
  4149 | D:6      | Noticed a sky beast
  4171 | D:6      | Noticed a yak
  4171 | D:6      | Noticed a yak
  4171 | D:6      | Noticed a yak
  4172 | D:6      | Noticed a yak
  4191 | D:6      | HP: 1/51 [kobold brigand/+0 short sword (8)]
  4195 | D:6      | Slain by a yak

Illustrated notes

Levels and vault maps discovered:
D:1:      zelgadis_glass_arrival_small, layout_basic,
          ebering_ecumenical_altar_rust
D:2:      layout_rooms, serial_shops, shop, uniq_natasha
D:3:      layout_basic, gammafunk_ghost_smash
D:4:      layout_rooms, temple_hall, gammafunk_ghost_gnarly_gnolls,
          uniq_menkaure
D:6:      minmay_clustersquares, layout_basic, lemuel_tele_altar,
          serial_bayou_crossing

Skill      XL: |  1  2  3  4  5  6 |
---------------+-------------------+-----
Axes           | 5 6 7 8 9 |  9.6
Armour         | 1 |  1.2
Fighting       | |  3.6
Dodging        | |  2.6
Stealth        | |  1.5

Action                   |  1- 3 |  4- 6 || total
-------------------------+-------+-------++-------
Melee: Hand axe          |   111 |   174 ||   285
       Punch             |     2 |     2 ||     4
  Use: Potion            |       |     4 ||     4
       Scroll            |       |     2 ||     2
 Stab: Sleeping          |     4 |       ||     4
Armor: Robe              |     6 |       ||     6
       Ring mail         |    26 |    52 ||    78
Dodge: Dodged            |    58 |   157 ||   215

Table legend: (Time is in decaauts)
 A = Elapsed time spent in this place.
 B = Non-inter-level travel time spent in this place.
 C = Inter-level travel time spent in this place.
 D = Time resting spent in this place.
 E = Time spent auto-exploring this place.
 F = Levels seen in this place.
 G = Mean time per level.
                   A        B        C        D        E       F      G
               +--------+--------+--------+--------+--------+-----+--------+
         Total |   4179 |   3930 |    249 |   1095 |   2084 |   5 |  835.8 |
       Dungeon |   4179 |   3930 |    249 |   1095 |   2084 |   5 |  835.8 |
               +--------+--------+--------+--------+--------+-----+--------+

Top non-repeatable levels by time:
     D:1: 2048 daAuts
     D:3: 988 daAuts
     D:2: 865 daAuts
     D:4: 222 daAuts
     D:6: 54 daAuts
